[Event "Early-Titled-Tuesday-Blitz-May-14-2024"]
[Site "Chess.com"]
[Date "2024.05.14"]
[Round "9"]
[White "NMChessToImpress"]
[Black "patzer-reloaded"]
[Result "0-1"]
[WhiteElo "2269"]
[BlackElo "2404"]
[TimeControl "180+1"]
[EndTime "9:46:46 PDT"]
[Termination "patzer-reloaded won on time"]

1. e4 d6 2. d4 Nf6 3. Nc3 g6 4. Be3 c6 5. Qd2 Qc7 6. Nf3 Bg4 7. Be2 Nbd7 8. O-O Bg7 9. Bh6 O-O 10. Bxg7 Kxg7 11.
Rfe1 e5 12. dxe5 dxe5 13. Rad1 Rfd8 14. Qd6 Qxd6 15. Rxd6 Bxf3 16. Bxf3 Nc5 17. Red1 Rxd6 18. Rxd6 a5 19. Kf1 Ne8 20. Rd2 Nc7 21. Nd1 a4 22. Ne3 a3 23. b3 N7a6 24. c3 Nc7 25. b4 Na4 26. Rd7 Ne6 27. Nc4 Kf6 28. Rxb7 Nxc3 29.
Bg4 Nxa2 30. Nd6 Nd8 31. Rb6 Nxb4 32. Ne8+ Kg5 0-1

[Event "Early-Titled-Tuesday-Blitz-May-14-2024"]
[Site "Chess.com"]
[Date "2024.05.14"]
[Round "9"]
[White "lamomiajunior"]
[Black "czechbul17"]
[Result "0-1"]
[WhiteElo "2762"]
[BlackElo "2254"]
[TimeControl "180+1"]
[EndTime "9:46:47 PDT"]
[Termination "czechbul17 won on time"]

1. d4 Nf6 2. Nc3 d5 3. Bf4 Bf5 4. f3 e6 5. g4 Bg6 6. Qd2 c5 7. Nb5 Na6 8. e3 Be7 9. h4 h6 10. c3 O-O 11. a4 c4 12. Bg3 h5 13. g5 Ne8 14. Ne2 Nd6 15. Nf4 Nf5 16. Bf2 Nc7 17. Bh3 a6 18. Nxc7 Qxc7 19. e4 dxe4 20.
fxe4 Nd6 21. Nxg6 fxg6 22. Bxe6+ Kh7 23. Bd5 Rae8 24. O-O-O b5 25. Bg3 bxa4 26. Rhf1 a3 27. bxa3 Qa5 28. Qc2 Nb5 29. Kd2 Nxd4 30. Qa2 Nb5 31.
Qc2 Nxa3 32. Qa2 Rd8 33. Rxf8 Bxf8 34. Bf2 Bc5 35. Be1 Qc7 36. Kc1 Rb8 37. Kd2 Qh2+ 38. Kc1 Qxa2 0-1

[Event "Early-Titled-Tuesday-Blitz-May-14-2024"]
[Site "Chess.com"]
[Date "2024.05.14"]
[Round "9"]
[White "gau248"]
[Black "Juicy_Fork"]
[Result "1-0"]
[WhiteElo "2608"]
[BlackElo "2454"]
[TimeControl "180+1"]
[EndTime "9:46:49 PDT"]
[Termination "gau248 won on time"]

1. c4 Nf6 2. Nf3 g6 3. Nc3 Bg7 4. d3 O-O 5. g3 d6 6. Bg2 e5 7.
O-O h6 8. Rb1 c5 9. b4 cxb4 10.
Rxb4 Nc6 11. Rb1 Rb8 12. Nd2 Be6 13. Ba3 Qd7 14. Nb5 Ne8 15. Ne4 Bh3 16. Bxh3 Qxh3 17.
Nexd6 Nf6 18. f3 Rfd8 19. c5 Nd5 20. Qb3 Qe6 21. e4 Nde7 22. Qxe6 fxe6 23. Nc7 Nd4 24. Rb2 b6 25. Rfb1 b5 26. Ncxb5 Nxf3+ 27. Kg2 Ng5 28. Nxa7 Ra8 29. Rb7 Nc8 30. Naxc8 1-0

[Event "Early-Titled-Tuesday-Blitz-May-14-2024"]
[Site "Chess.com"]
[Date "2024.05.14"]
[Round "9"]
[White "romulocardoso"]
[Black "SargissyanSargis"]
[Result "1-0"]
[WhiteElo "2328"]
[BlackElo "2415"]
[TimeControl "180+1"]
[EndTime "9:46:49 PDT"]
[Termination "romulocardoso won by checkmate"]

1. e4 e5 2. Nf3 Nc6 3. d4 exd4 4. Bc4 Bc5 5. Ng5 Ne5 6. Nxf7 Nxf7 7. Bxf7+ Kxf7 8.
Qh5+ g6 9. Qxc5 Nf6 10. O-O Re8 11. e5 Ng4 12. Qxd4 Nxe5 13. f4 Nc6 14. Qd5+ Kg7 15.
f5 Qf6 16. fxg6 Qd4+ 17. Qxd4+ Nxd4 18. Na3 hxg6 19. Bd2 d5 20. Bc3 c5 21. Nb5 Bf5 22. Nc7 Rac8 23. Nxe8+ Rxe8 24. Rae1 Be4 25. Rd1 Kg8 26.
Bxd4 cxd4 27. Rxd4 Rc8 28. c3 Rc6 29. Rb4 b6 30.
Re1 Kf7 31. c4 a5 32. cxd5 Bxd5 33. Rf4+ Kg7 34. Re7+ Kh6 35. h4 Rc2 36. g4 Rxb2 37.
Rf8 g5 38. Rf6# 1-0

[Event "Early-Titled-Tuesday-Blitz-May-14-2024"]
[Site "Chess.com"]
[Date "2024.05.14"]
[Round "9"]
[White "Gareth-Bale11"]
[Black "ajeale2"]
[Result "1-0"]
[WhiteElo "2885"]
[BlackElo "2504"]
[TimeControl "180+1"]
[EndTime "9:46:51 PDT"]
[Termination "Gareth-Bale11 won on time"]

1. d4 d5 2. Bf4 e6 3. e3 Nf6 4. Nf3 Bd6 5. Nbd2 O-O 6. Bd3 c5 7. dxc5 Bxc5 8. O-O Nc6 9. c4 Qe7 10. Rc1 Bb6 11. cxd5 exd5 12. h3 Be6 13. a3 Rad8 14. Re1 Ne4 15. Qc2 Bf5 16. b4 Bg6 17. b5 Na5 18. a4 Qa3 19. Nxe4 dxe4 20. Bxe4 Bxe4 21. Qxe4 Nb3 22. Rc4 Rfe8 23. Qc2 Na5 24. Re4 Rxe4 25. Qxe4 h6 26. Ne5 Qc3 27. Rb1 Qc8 28. h4 Qe6 29. Qf3 Nb3 30. Qxb7 Nd2 31. Rc1 Qb3 32. a5 Bxa5 33. Qxa7 Bb4 34. b6 Rf8 35. b7 Qb2 36. b8=Q Rxb8 37. Qxb8+ Kh7 38.
Qc8 1-0

[Event "Early-Titled-Tuesday-Blitz-May-14-2024"]
[Site "Chess.com"]
[Date "2024.05.14"]
[Round "9"]
[White "ValeriyGrinev"]
[Black "Happy1712Drummer"]
[Result "1/2-1/2"]
[WhiteElo "2591"]
[BlackElo "2452"]
[TimeControl "180+1"]
[EndTime "9:46:51 PDT"]
[Termination "Game drawn - insufficient material"]

1. d4 d5 2. c4 e6 3. Nf3 a6 4. e3 Nf6 5. Nbd2 b6 6. Bd3 Bb7 7. O-O Nbd7 8. Qe2 Bd6 9. e4 dxe4 10. Nxe4 Nxe4 11. Bxe4 Bxe4 12. Qxe4 O-O 13. b3 Nf6 14. Qe2 c5 15. Rd1 Qc7 16. Bb2 cxd4 17. Bxd4 Nd7 18.
Bxg7 Kxg7 19. Qd2 Ne5 20. Qxd6 Nxf3+ 21. gxf3 Qxd6 22. Rxd6 b5 23. cxb5 axb5 24. Rb6 Rfb8 25. Rxb8 Rxb8 26. a4 bxa4 27. bxa4 Kf6 28. a5 Kf5 29. a6 Kf4 30. a7 Ra8 31. Kg2 Rg8+ 32. Kf1 Ra8 33. Ra3 h5 34. Kg2 e5 35. Kh3 Kg5 36.
Ra5 f6 37. Ra4 Kg6 38. Kh4 Kf5 39. Kg3 Kg5 40. f4+ exf4+ 41. Kf3 f5 42. h3 Kh4 43. Rxf4+ Kxh3 44. Rxf5 h4 45. Rf7 Kh2 46. Rh7 h3 47. Ke4 Kg2 48. f4 h2 49. Rg7+ Kf2 50. Rh7 Kg1 51.
f5 h1=Q+ 52. Rxh1+ Kxh1 53. f6 Rxa7 54. Ke5 Rf7 55. Ke6 Rxf6+ 56. Kxf6 1/2-1/2

[Event "Early-Titled-Tuesday-Blitz-May-14-2024"]
[Site "Chess.com"]
[Date "2024.05.14"]
[Round "9"]
[White "MathiasWomacka"]
[Black "luggevoila"]
[Result "0-1"]
[WhiteElo "2507"]
[BlackElo "2361"]
[TimeControl "180+1"]
[EndTime "9:46:51 PDT"]
[Termination "luggevoila won by resignation"]

1. e4 e5 2. Nf3 Nc6 3. Bb5 a6 4. Bxc6 dxc6 5. O-O f6 6. d4 exd4 7. Nxd4 Bd7 8. Bf4 h5 9. e5 g5 10. e6 gxf4 11. exd7+ Qxd7 12. Re1+ Ne7 13. Ne6 Qxd1 14. Rxd1 Kf7 15. Nxc7 Rc8 16. Rd7 Bg7 17. Nc3 Rhd8 18. Rad1 Rxd7 19. Rxd7 f5 20. Na4 Be5 21. Nxa6 bxa6 22.
b3 Ke6 23. Ra7 Rd8 24. Kf1 Rd2 25. Nc5+ Kf7 26. Nxa6 Bd4 27. Rd7 Rxf2+ 28. Ke1 Be3 29. Nb8 Ke6 30. Rc7 Rxg2 31. Nxc6 Nxc6 32. Rxc6+ Kd5 33.
Rf6 Ke4 34. Re6+ Kf3 0-1

[Event "Early-Titled-Tuesday-Blitz-May-14-2024"]
[Site "Chess.com"]
[Date "2024.05.14"]
[Round "9"]
[White "KanalSzachowy"]
[Black "rionelG"]
[Result "0-1"]
[WhiteElo "2393"]
[BlackElo "2296"]
[TimeControl "180+1"]
[EndTime "9:46:53 PDT"]
[Termination "rionelG won on time"]

1. e4 c5 2. Nc3 a6 3. Nge2 d6 4.
d4 cxd4 5. Qxd4 Nc6 6. Qd2 g6 7. b3 Bg7 8. Bb2 Nf6 9. O-O-O O-O 10. f3 b5 11. Kb1 Be6 12. Nf4 b4 13. Ncd5 Bxd5 14.
exd5 Na5 15. Qxb4 Rb8 16. Qe1 Qb6 17. g4 Nb7 18. h4 Nc5 19. g5 Ne8 20. Bxg7 Nxg7 21.
h5 Nf5 22. hxg6 fxg6 23. Ne6 Nxe6 24. Qxe6+ Rf7 25. Bd3 Ng7 26. Qh3 Nh5 27. Be2 Qc5 28.
Qh2 Rbf8 29. Rdf1 Rf4 30. Rd1 a5 31. Qg2 a4 32. Bc4 Qb4 33. Bd3 a3 34. c4 Rxf3 35. Rxh5 Rf2 36. Qh3 gxh5 0-1

[Event "Early-Titled-Tuesday-Blitz-May-14-2024"]
[Site "Chess.com"]
[Date "2024.05.14"]
[Round "9"]
[White "jaskol95"]
[Black "TomLiu777"]
[Result "1-0"]
[WhiteElo "2499"]
[BlackElo "2269"]
[TimeControl "180+1"]
[EndTime "9:46:54 PDT"]
[Termination "jaskol95 won by resignation"]

1. e4 c5 2. Nf3 d6 3. Bb5+ Nd7 4. a4 a6 5. Bc4 Ngf6 6. Nc3 e6 7. d4 cxd4 8. Nxd4 Ne5 9. Bb3 Qc7 10. Qe2 Bd7 11. f4 Nc6 12. Be3 Be7 13. O-O O-O 14. Rad1 Na5 15.
Ba2 Rac8 16. Kh1 Nc4 17. Bc1 Qa5 18. Bxc4 e5 19. Nb3 Qb4 20. Bd3 Bg4 21. Qf2 Bxd1 22. Rxd1 Ng4 23. Qg3 h5 24. h3 Nf6 25. Rf1 h4 26. Qxh4 Nxe4 27. Qxe7 Ng3+ 28. Kh2 Nxf1+ 29. Bxf1 exf4 30. Qg5 f3 31. gxf3 Rfe8 32. Bd2 Qb6 33. Qg2 d5 34. Bd3 Qd6+ 35. Qg3 Qe6 36. Nd4 Qf6 37.
Nf5 Re5 38. Bg5 Qe6 39. Nxg7 Rxg5 40. Qxg5 Qd6+ 41. Kh1 Kf8 42. Nf5 Qe5 43. Qh6+ Ke8 44. Nd6+ Kd7 45. Nxc8 Qe1+ 46. Kg2 Qd2+ 47. Qxd2 1-0

[Event "Early-Titled-Tuesday-Blitz-May-14-2024"]
[Site "Chess.com"]
[Date "2024.05.14"]
[Round "9"]
[White "simaopdias"]
[Black "teresin05"]
[Result "0-1"]
[WhiteElo "2243"]
[BlackElo "2263"]
[TimeControl "180+1"]
[EndTime "9:46:54 PDT"]
[Termination "teresin05 won by resignation"]

1. d4 d5 2. Nf3 Nf6 3. g3 Bg4 4. Bg2 e6 5. O-O Be7 6. c4 c6 7.
Ne5 Bf5 8. Qb3 Qb6 9. c5 Qxb3 10. axb3 Nbd7 11. Nxd7 Nxd7 12. b4 a6 13. Nc3 O-O 14. Bf4 Nf6 15. f3 h6 16. Kf2 Rfe8 17. Na4 Rad8 18.
Nc3 Nh5 19. Bd2 Bh7 20. g4 Bh4+ 21. Kg1 Nf6 22. Bf4 Nd7 23. Bc7 Rc8 24. Bd6 Be7 25. Bg3 Bf6 26. Rad1 e5 27. e3 exd4 28. exd4 Re7 29.
Bd6 Re6 30. Kf2 Rce8 31. Bf4 Bc2 32. Rd2 Bb3 33. Bg3 Bc4 34. Rfd1 Bg5 35. f4 Bd8 36. h4 Nf6 37. f5 R6e7 38. Bf3 Ne4+ 39. Nxe4 dxe4 40. Be5 exf3 41. Kxf3 f6 42. Bd6 Bd5+ 43.
Kf2 Re4 44. g5 hxg5 45. hxg5 fxg5 46. Be5 Bf6 47. Bg3 R4e7 48. Rd3 Re4 49. R1d2 Bc4 50. Rc3 Bxd4+ 51. Kf3 Bxc3 52. bxc3 Re3+ 53. Kg4 Rd3 54. Rg2 Re4+ 55. Kxg5 Kf7 56. Bd6 Rxc3 57. f6 Bd5 58.
fxg7 Kxg7 59. Rf2 Re6 60. Kf5 Rce3 61. Rg2+ Bxg2 62. Kf4 Bd5 63. Be5+ Kf7 64. Kxe3 Rxe5+ 65. Kd4 Re4+ 0-1

[Event "Early-Titled-Tuesday-Blitz-May-14-2024"]
[Site "Chess.com"]
[Date "2024.05.14"]
[Round "9"]
[White "1stSecond"]
[Black "OparinGrigoriy"]
[Result "0-1"]
[WhiteElo "2895"]
[BlackElo "2994"]
[TimeControl "180+1"]
[EndTime "9:47:00 PDT"]
[Termination "OparinGrigoriy won by resignation"]

1. d4 Nf6 2. Bg5 e6 3. e4 h6 4. Bxf6 Qxf6 5. Nc3 b6 6. Qd2 Bb7 7. Nge2 d6 8. g3 Nd7 9. Bg2 e5 10. f4 Qd8 11. Rd1 Be7 12. O-O exd4 13. Qxd4 O-O 14. Nd5 Nc5 15. b4 Ne6 16. Qc3 Re8 17. e5 Bxd5 18. Bxd5 dxe5 19. Bxe6 Bd6 20. Bd5 exf4 21.
Bxa8 Rxe2 22. Bf3 Re3 23. Rd3 Re8 24. Bc6 Re6 25. Rxf4 Qe7 26. Rf2 Bxb4 27. Qc4 Bc5 28. Bd5 Re2 29. Bxf7+ Kh7 30. Rf3 Rxf2 31. Bg6+ Kxg6 32.
Qd3+ Kh5 33. Qf5+ g5 34. Qh3+ Kg6 35. Qf5+ Kg7 36. Rxf2 Qe1+ 37. Kg2 Qxf2+ 38. Qxf2 Bxf2 39. Kxf2 Kf6 40. Ke3 Ke5 41. c4 c6 42. a4 a6 43. g4 b5 44. cxb5 cxb5 45. axb5 axb5 0-1

[Event "Early-Titled-Tuesday-Blitz-May-14-2024"]
[Site "Chess.com"]
[Date "2024.05.14"]
[Round "9"]
[White "Alexchess1984"]
[Black "Bauman_Guy"]
[Result "1-0"]
[WhiteElo "2715"]
[BlackElo "2880"]
[TimeControl "180+1"]
[EndTime "9:47:00 PDT"]
[Termination "Alexchess1984 won by resignation"]

1. d4 Nf6 2. Bf4 b6 3. e3 Bb7 4. Nf3 g6 5. c4 Bg7 6. h3 d6 7. Nc3 O-O 8. Bh2 Nfd7 9. Be2 e5 10.
O-O Nc6 11. Rc1 Kh8 12. a3 a5 13. Nb5 f5 14. dxe5 Ndxe5 15. Nxe5 Nxe5 16. Nd4 Qe7 17.
Re1 g5 18. Qc2 Qf7 19. f4 gxf4 20. Bxf4 Rg8 21. Qxf5 Raf8 22. Qxf7 Rxf7 23. Bxe5 Bxe5 24. g4 Re8 25. Rf1 Rxf1+ 26. Bxf1 c5 27. Nf5 Be4 28. Bg2 Bxf5 29. gxf5 Bxb2 30. Rb1 Bxa3 31. Rxb6 Rd8 32. Ra6 Bb4 33. f6 Bc3 34. f7 Kg7 35. Bd5 h5 36. e4 Rd7 37. Ra8 Rxf7 38. Bxf7 Kxf7 39. Kf2 Ke6 40.
Ke3 Ke5 41. Kd3 Bb4 42. Rh8 a4 43. Rxh5+ Kf4 44. Rd5 a3 45. Rxd6 Kg3 46. Ra6 Kxh3 47. e5 1-0

[Event "Early-Titled-Tuesday-Blitz-May-14-2024"]
[Site "Chess.com"]
[Date "2024.05.14"]
[Round "9"]
[White "PapaieDudu"]
[Black "yuriydovzik"]
[Result "1-0"]
[WhiteElo "2375"]
[BlackElo "2163"]
[TimeControl "180+1"]
[EndTime "9:47:00 PDT"]
[Termination "PapaieDudu won on time"]

1. Nf3 c5 2. e3 Nf6 3. d4 e6 4. c4 d5 5. Nc3 Nc6 6. Bd3 dxc4 7. Bxc4 a6 8. a4 b6 9. O-O Bb7 10. Re1 Rc8 11. d5 Na5 12. Ba2 Nxd5 13. Bxd5 Bxd5 14. e4 Bb3 15. Qe2 Bc4 16. Qe3 Nb3 17. Rb1 Be7 18.
Qf4 Nd4 19. Ne5 O-O 20. Nxc4 b5 21. Ne3 b4 22. Ne2 Nxe2+ 23. Rxe2 Qd3 24. Rc2 b3 25. Rc3 Qxb1 26. h4 c4 27. Kh2 Bb4 28. Ng4 Bxc3 29.
bxc3 1-0

[Event "Early-Titled-Tuesday-Blitz-May-14-2024"]
[Site "Chess.com"]
[Date "2024.05.14"]
[Round "9"]
[White "GambitGiesbergen"]
[Black "Manukyan_Artak"]
[Result "0-1"]
[WhiteElo "2348"]
[BlackElo "2564"]
[TimeControl "180+1"]
[EndTime "9:47:01 PDT"]
[Termination "Manukyan_Artak won by resignation"]

1. d4 d5 2. c4 dxc4 3. e3 e5 4. Bxc4 exd4 5. exd4 Nf6 6. Nf3 Bb4+ 7. Nc3 O-O 8. O-O Bg4 9. Bg5 h6 10. Bxf6 gxf6 11.
Bb3 Nc6 12. Qd3 Kg7 13. Nd5 Bd6 14. h3 Bh5 15. Nh4 Bg6 16. Nf5+ Kh7 17. Nde3 Ne7 18. Qe4 Qd7 19. Bc2 Nxf5 20. Nxf5 Rae8 21. Qh4 Bxf5 22. Qg4 Kh8 23. Bxf5 Qb5 24. Qh5 Kg7 25. Qg4+ Kh8 26.
Rfe1 Qxb2 27. Qh4 Kg7 28. Rad1 Rxe1+ 29. Rxe1 Re8 30. Qg4+ Kf8 31. Rxe8+ Kxe8 32. g3 Qxa2 33. Qe4+ Kd8 34. Kg2 c6 35. Qh4 Qd5+ 36. Be4 Qg5 37. Qg4 Qxg4 38. hxg4 a5 39. d5 c5 40. Bd3 a4 41. Bc4 Kc7 42. Kf3 Kb6 43. Ke4 Ka5 44.
Kd3 b5 45. Ba2 c4+ 46. Kc2 Kb4 47. Kb2 Kc5 48. Ka3 Kxd5+ 49. Kb2 b4 0-1

[Event "Early-Titled-Tuesday-Blitz-May-14-2024"]
[Site "Chess.com"]
[Date "2024.05.14"]
[Round "9"]
[White "BillCoe"]
[Black "sterpfi"]
[Result "1-0"]
[WhiteElo "2194"]
[BlackElo "2308"]
[TimeControl "180+1"]
[EndTime "9:47:01 PDT"]
[Termination "BillCoe won by resignation"]

1. e4 e6 2. d4 d5 3. Nd2 Nf6 4.
e5 Nfd7 5. Bd3 c5 6. c3 Nc6 7. Ne2 cxd4 8. cxd4 f6 9. exf6 Nxf6 10. Nf3 Bd6 11.
O-O Qc7 12. Bg5 O-O 13. Bh4 Nh5 14. Bg3 Nxg3 15. hxg3 a6 16. Rc1 g6 17. Bb1 Qg7 18. a3 Bd7 19. b4 g5 20. Qd3 Rf7 21. Qe3 h6 22. Qd3 Raf8 23. Nh2 Be8 24. Qe3 Ne7 25. Qxe6 Bb8 26. Ng4 Nf5 27. Bxf5 Bd7 28. Nxh6+ Kh8 29. Nxf7+ Rxf7 30. Qg6 Bxf5 31. Qxg7+ Kxg7 32. Nc3 Rd7 33. Rfe1 Kf7 34. Na4 Bd6 35. Nc5 Rc7 36. Nb3 Rd7 37.
Re3 Be7 38. Rec3 Bf6 39. Rc7 Ke7 40. Rxd7+ Kxd7 41. Nc5+ Kc6 42. Ne4+ Kb5 43. Nxf6 1-0

[Event "Early-Titled-Tuesday-Blitz-May-14-2024"]
[Site "Chess.com"]
[Date "2024.05.14"]
[Round "9"]
[White "lilleper1"]
[Black "Mops_2004"]
[Result "1-0"]
[WhiteElo "2927"]
[BlackElo "2815"]
[TimeControl "180+1"]
[EndTime "9:47:02 PDT"]
[Termination "lilleper1 won by resignation"]

1. e4 g6 2. d4 Bg7 3. Nc3 d6 4. Be3 a6 5. Qd2 b5 6. h4 h6 7. h5 g5 8. f4 gxf4 9. Bxf4 Nd7 10.
Nf3 c5 11. dxc5 Nxc5 12. e5 dxe5 13. Qxd8+ Kxd8 14. Nxe5 Ke8 15. O-O-O Nf6 16. Be2 Bb7 17. Rhf1 b4 18. Nb1 Nd5 19. g3 Rc8 20. Bc4 e6 21. Nd2 Ke7 22. Rde1 Rhf8 23. Rf2 Nxf4 24. Rxf4 a5 25.
Nb3 Nxb3+ 26. axb3 Bxe5 27. Rxe5 Rg8 28. Rxa5 Rxg3 29. Ra7 Rc7 30. Be2 Rg1+ 31. Kd2 Rg2 32. Rxb4 Rd7+ 33. Ke3 Rg3+ 34. Kf2 Rg2+ 35. Kf1 Rxe2 36.
Rbxb7 Rxb7 37. Rxb7+ 1-0

[Event "Early-Titled-Tuesday-Blitz-May-14-2024"]
[Site "Chess.com"]
[Date "2024.05.14"]
[Round "9"]
[White "BardArtem"]
[Black "Dedic8"]
[Result "0-1"]
[WhiteElo "2772"]
[BlackElo "2899"]
[TimeControl "180+1"]
[EndTime "9:47:02 PDT"]
[Termination "Dedic8 won by resignation"]

1. b3 d5 2. Bb2 Bf5 3. g3 e6 4. Bg2 Nf6 5. d3 h6 6. Nd2 Nbd7 7. e4 Bh7 8. exd5 exd5 9. Ngf3 Be7 10.
O-O O-O 11. Re1 c6 12. Nd4 Re8 13. Bh3 Bc5 14. N2f3 Qb6 15. a3 a5 16. Qd2 Nf8 17.
Rxe8 Rxe8 18. Re1 Rxe1+ 19. Qxe1 Qd8 20. b4 axb4 21. axb4 Bb6 22. b5 c5 23. Nf5 Ne6 24.
Ne5 Ng5 25. Qf1 Kf8 26. Ne3 Nxh3+ 27. Qxh3 c4 28. dxc4 Bxe3 29. fxe3 dxc4 30. Bd4 Bxc2 31. Nxc4 Kg8 32. Qg2 Bd3 33. Ne5 Be4 34. Qb2 Qc8 35.
Qc3 Qh3 36. Qd2 Qe6 37. b6 Qb3 38. h3 Qb1+ 39. Kf2 Bc6 40. Nxc6 Ne4+ 0-1

[Event "Early-Titled-Tuesday-Blitz-May-14-2024"]
[Site "Chess.com"]
[Date "2024.05.14"]
[Round "9"]
[White "briesmas"]
[Black "toninhojit"]
[Result "1-0"]
[WhiteElo "2394"]
[BlackElo "2550"]
[TimeControl "180+1"]
[EndTime "9:47:02 PDT"]
[Termination "briesmas won by resignation"]

1. e4 g6 2. d4 Bg7 3. Nc3 d6 4.
Be3 c6 5. Qd2 b5 6. f3 Nd7 7. h4 h5 8. Nh3 Nb6 9. Ng5 Rb8 10. b3 e6 11. Rd1 Ne7 12. Bd3 d5 13. e5 a6 14. O-O Qc7 15. Qf2 Nd7 16. f4 Nf5 17. a4 Nh6 18. Bxg6 b4 19. Nxe6 Qb6 20.
Nxg7+ Kf8 21. Ne2 Kxg7 22. Bd3 Ng4 23. Qg3 Kf8 24. f5 Rg8 25. f6 Ndxe5 26. Bh6+ Ke8 27. Kh1 Be6 28. Bf4 Nxd3 29. Qxd3 Rc8 30. Ng3 Nxf6 31.
Bg5 Ng4 32. Rde1 c5 33. Qh7 Rf8 34. Nxh5 cxd4 35. Ng7+ Kd7 36. Nxe6 Ne3 37. Nxf8+ Rxf8 38. Rxf7+ Rxf7 39. Qxf7+ Kc6 40. Qf6+ Kb7 41. Qxb6+ Kxb6 42.
Bxe3 1-0

[Event "Early-Titled-Tuesday-Blitz-May-14-2024"]
[Site "Chess.com"]
[Date "2024.05.14"]
[Round "9"]
[White "JJDAREK"]
[Black "carloseduar100"]
[Result "0-1"]
[WhiteElo "2370"]
[BlackElo "2242"]
[TimeControl "180+1"]
[EndTime "9:47:04 PDT"]
[Termination "carloseduar100 won on time"]

1. d4 d5 2. c4 e5 3. dxe5 d4 4. Nf3 Nc6 5. a3 Nge7 6. e3 Bg4 7. Be2 dxe3 8. Qxd8+ Rxd8 9. Bxe3 Ng6 10. Nbd2 Ngxe5 11. Nxe5 Nxe5 12. Bf4 Bxe2 13. Kxe2 Nd3 14.
Bxc7 Rd7 15. Bg3 Nxb2 16. Rhb1 Rxd2+ 17. Kxd2 Nxc4+ 18. Kc3 Na5 19. Re1+ Kd7 20. Rad1+ Kc6 21. Re8 g6 22. Rdd8 Bg7+ 23. Kb4 Rxe8 24. Rxe8 b6 25. Re7 Nb7 26. Rxf7 a5+ 27. Kb3 Nc5+ 28. Ka2 Ne6 29.
a4 h5 30. Re7 Kd5 31. Bc7 Bd4 32. f3 Bc5 33. Bb8 Bxe7 34. g4 hxg4 35. fxg4 Nc5 36. Bg3 Nxa4 37. h4 Nc3+ 38. Kb3 Ne4 39. Be1 Kc6 40. h5 gxh5 41. gxh5 Bg5 0-1

[Event "Early-Titled-Tuesday-Blitz-May-14-2024"]
[Site "Chess.com"]
[Date "2024.05.14"]
[Round "9"]
[White "kyawmyataung2005"]
[Black "AniJak"]
[Result "1-0"]
[WhiteElo "2275"]
[BlackElo "2375"]
[TimeControl "180+1"]
[EndTime "9:47:05 PDT"]
[Termination "kyawmyataung2005 won by checkmate"]

1. e4 c5 2. Nf3 e6 3. d4 cxd4 4. Nxd4 a6 5. c4 Qc7 6. Nc3 Nf6 7. a3 Nc6 8. Be2 Ne5 9. Qa4 Bc5 10. Qd1 Ba7 11.
Be3 Nxc4 12. Bxc4 Qxc4 13. Rc1 Qc7 14. Ncb5 Qb8 15. Nc7+ Ke7 16. Nxa8 Qxa8 17. f3 d5 18. e5 Nd7 19. f4 Nc5 20. Nc6+ bxc6 21. Bxc5+ Bxc5 22. Rxc5 Bd7 23. O-O Rb8 24. Rf2 Qa7 25. Qd4 Qb7 26. b4 Qb6 27. Qc3 f6 28. Ra5 Kf7 29.
Qc5 Qb7 30. h3 Rd8 31. Qd6 Ke8 32. f5 exf5 33. exf6 gxf6 34. Qxf6 Bc8 35. Re2+ Kd7 36. Re7# 1-0

[Event "Early-Titled-Tuesday-Blitz-May-14-2024"]
[Site "Chess.com"]
[Date "2024.05.14"]
[Round "9"]
[White "bubeliang"]
[Black "Let_it_be_1"]
[Result "0-1"]
[WhiteElo "2811"]
[BlackElo "2638"]
[TimeControl "180+1"]
[EndTime "9:47:06 PDT"]
[Termination "Let_it_be_1 won by checkmate"]

1. e4 e6 2. d4 d5 3. e5 c5 4. c3 Qb6 5. Nf3 Nc6 6. a3 Bd7 7. Be2 Nh6 8. b4 cxd4 9. cxd4 Nf5 10.
Bb2 Na5 11. O-O Rc8 12. Nbd2 Nc4 13. Nxc4 dxc4 14. Rc1 a5 15. Rxc4 Rxc4 16. Bxc4 axb4 17. axb4 Qxb4 18. Qe2 Bc6 19. Bd3 Ne7 20. Ba1 Nd5 21.
Be4 Be7 22. Qd1 h6 23. Qb1 Qa5 24. Bd3 O-O 25. Bb2 Qb4 26. Bh7+ Kh8 27. Be4 Ra8 28. Qc2 Ra2 29. Rb1 Qb6 30. h3 Ba3 31. Qd1 Rxb2 32.
Ra1 Nc3 33. Rxa3 Nxe4 34. Qd3 Qb5 35. Qe3 Rb1+ 36. Kh2 Qf1 37. Ne1 Rxe1 38. Ra1 Qg1# 0-1

[Event "Early-Titled-Tuesday-Blitz-May-14-2024"]
[Site "Chess.com"]
[Date "2024.05.14"]
[Round "9"]
[White "SlavenPastar"]
[Black "laurenzchess"]
[Result "0-1"]
[WhiteElo "2619"]
[BlackElo "2506"]
[TimeControl "180+1"]
[EndTime "9:47:07 PDT"]
[Termination "laurenzchess won by resignation"]

1. Nf3 d5 2. g3 Nf6 3. Bg2 e6 4. O-O Be7 5. c4 O-O 6. b3 c5 7. cxd5 exd5 8. d4 Nc6 9. Nc3 Bg4 10. Be3 c4 11. bxc4 Bxf3 12. Bxf3 dxc4 13. d5 Ne5 14.
Bg2 Bb4 15. Rc1 Qa5 16. Bd4 Rfe8 17. a3 Bc5 18. Bxc5 Qxc5 19. h3 b5 20. Kh2 a5 21.
f4 Neg4+ 22. hxg4 Nxg4+ 23. Kh1 Qd6 24. Rf3 Re3 25. Qd4 Rae8 26. Kg1 Qh6 27. d6 Rxf3 28.
exf3 Qh2+ 29. Kf1 Ne3+ 30. Qxe3 Rxe3 31. d7 Rd3 32. Rd1 Rxd7 33. Rxd7 g6 34. Nxb5 Qxg3 35. Rd4 h5 36. f5 Qe5 37. Rxc4 Qxb5 0-1

[Event "Early-Titled-Tuesday-Blitz-May-14-2024"]
[Site "Chess.com"]
[Date "2024.05.14"]
[Round "9"]
[White "ViktoriyaTarasova"]
[Black "AlexanderKing"]
[Result "0-1"]
[WhiteElo "2335"]
[BlackElo "2561"]
[TimeControl "180+1"]
[EndTime "9:47:07 PDT"]
[Termination "AlexanderKing won by resignation"]

1. d4 Nf6 2. c4 g6 3. Nc3 d5 4. cxd5 Nxd5 5. g3 Bg7 6. Bg2 Nxc3 7. bxc3 c5 8. e3 O-O 9. Ne2 Nc6 10. O-O cxd4 11. cxd4 Bd7 12. Rb1 b6 13. d5 Na5 14.
Bb2 Bxb2 15. Rxb2 Rc8 16. Nd4 e6 17. dxe6 Bxe6 18. Nxe6 Qxd1 19. Rxd1 fxe6 20. Bh3 Rc6 21. Rd7 Rf7 22. Rbd2 Nc4 23. Rxf7 Nxd2 24. Rxa7 e5 25.
Kg2 e4 26. Re7 Rc1 27. Be6+ Kf8 28. Rf7+ Ke8 29. Bg4 h5 30. Be2 Re1 31. Rf6 Rxe2 32.
Rxg6 Re1 33. g4 hxg4 34. Rxb6 Nf3 35. Kg3 Rg1+ 36. Kf4 Nxh2 37. Kxe4 Rg2 38. Rf6 Nf3 39. a4 Rxf2 40. a5 Nd2+ 41. Ke5 Nc4+ 42. Ke6 Rxf6+ 43. Kxf6 Nxa5 44. Ke5 g3 45. Kf4 g2 0-1

[Event "Early-Titled-Tuesday-Blitz-May-14-2024"]
[Site "Chess.com"]
[Date "2024.05.14"]
[Round "9"]
[White "Sofia_Blokhin"]
[Black "talaicito"]
[Result "1/2-1/2"]
[WhiteElo "2261"]
[BlackElo "2368"]
[TimeControl "180+1"]
[EndTime "9:47:07 PDT"]
[Termination "Game drawn by repetition"]

1. d4 e6 2. c4 f5 3. Nc3 Bb4 4. g3 Nf6 5. Bg2 O-O 6. Qc2 d6 7. Nh3 e5 8. e3 h6 9. O-O c6 10. a3 Ba5 11. b4 Bc7 12. f3 Qe8 13. Nf2 a5 14. b5 Qh5 15. h3 Qg6 16. g4 Qh7 17. dxe5 dxe5 18. Bb2 e4 19. fxe4 fxg4 20. Nxg4 Bxg4 21. hxg4 Qg6 22. Rad1 Nbd7 23. Ne2 Qxg4 24. Qc3 Qxe2 25. Rxd7 Bg3 26. Rxg7+ Kxg7 27. Rxf6 Qe1+ 28. Rf1+ Qxc3 29. Bxc3+ Kg6 30. Rd1 cxb5 31. Bh3 bxc4 32. Bf5+ Kg5 33. Kg2 Bc7 34. Rg1 Bb6 35. Kf3+ Kh5 36.
Rh1+ Kg5 37. Rg1+ Kh5 38. Rh1+ Kg5 39. Rg1+ 1/2-1/2

[Event "Early-Titled-Tuesday-Blitz-May-14-2024"]
[Site "Chess.com"]
[Date "2024.05.14"]
[Round "9"]
[White "the_chess_child"]
[Black "js20000"]
[Result "1-0"]
[WhiteElo "2894"]
[BlackElo "2769"]
[TimeControl "180+1"]
[EndTime "9:47:08 PDT"]
[Termination "the_chess_child won by checkmate"]

1. e4 g6 2. d4 Bg7 3. Nc3 d6 4.
Be3 a5 5. Qd2 a4 6. a3 c6 7. h4 Nf6 8. f3 h5 9. Nh3 Bxh3 10.
Rxh3 Nbd7 11. O-O-O e6 12. Rh1 d5 13. Bg5 Qa5 14. Kb1 Nb6 15. Bd3 Nh7 16. Be3 Rd8 17. Qf2 Nf6 18. Bg5 Rd7 19. e5 Ng8 20. g4 Ne7 21. Rhg1 Nbc8 22. Ne2 c5 23. c3 Nc6 24.
gxh5 Rxh5 25. Nf4 Rh8 26. h5 gxh5 27. Qh4 cxd4 28. Nxh5 Rxh5 29. Qxh5 dxc3 30. Bf6 Qb6 31. Qh8+ Bf8 32. Rg2 Qb3 33. Qxf8+ Kxf8 34. Rh1 c2+ 35.
Kc1 N6e7 36. Rh8+ Ng8 37. Rhxg8# 1-0